 Dungeon Crawl Stone Soup version 0.28.0-45-g0d030f2227 (webtiles) character file.

Game seed: 9523532904463099644

51 GigaChad the Slasher (level 3, -5/34 HPs)
             Began as a Minotaur Chaos Knight on Apr 21, 2022.
             Was a Believer of Lugonu.
             Slain by a gnoll
             ... wielding a +0 spear
              (6 damage)
             ... on level 2 of the Dungeon.
             The game lasted 00:04:21 (985 turns).

GigaChad the Slasher (Minotaur Chaos Knight)         Turns: 985, Time: 00:04:22

Health: -5/34      AC:  3    Str: 16    XL:     3   Next: 58%
Magic:  2/2        EV: 11    Int:  9    God:    Lugonu [**....]
Gold:   48         SH:  0    Dex: 11    Spells: 2/2 levels left

rFire   . . .      SeeInvis .   a - +0 falchion (chaos)
rCold   . . .      Faith    .   (no shield)
rNeg    + . .      Spirit   .   b - +2 leather armour
rPois   .          Reflect  .   (helmet restricted)
rElec   .          Harm     .   (no cloak)
rCorr   .          Rampage  .   (no gloves)
Will    .....                   (no boots)
Stlth   +.........              (no amulet)
HPRegen 0.11/turn               c - ring of positive energy
MPRegen 0.08/turn               (no ring)

@: no status effects
A: horns 2, retaliatory headbutt, deformed body
a: Renounce Religion, Depart the Abyss, Bend Space


You were on level 2 of the Dungeon.
You worshipped Lugonu.
Lugonu was pleased with you.
You visited 1 branch of the dungeon, and saw 2 of its levels.

You collected 48 gold pieces.

Inventory:

Hand Weapons
 a - a +0 falchion of chaos (weapon)
Armour
 b - a +2 leather armour (worn)
Jewellery
 c - a ring of positive energy (left hand)
 g - a ring of wizardry
Scrolls
 e - 4 scrolls of identify
 f - a scroll of enchant armour {unknown}
 i - a scroll of immolation {unknown}
Potions
 d - 2 potions of curing
 h - a potion of flight {unknown}


   Skills:
 + Level 4.3 Fighting
 + Level 4.6 Long Blades
 + Level 2.8 Armour
 + Level 1.6 Dodging


You had 2 spell levels left.
You didn't know any spells.
Your spell library contained the following spells:

 Spells                   Type           Power      Damage    Failure   Level
 Ozocubu's Armour         Ice            0%         N/A       82%         3
 Ozocubu's Refrigeration  Ice            0%         4d5       100%        7


Dungeon Overview and Level Annotations

Branches:
Dungeon (2/15)

Altars:
Lugonu


Innate Abilities, Weirdness & Mutations

You have a pair of horns on your head.
You reflexively headbutt those who attack you in melee.
Armour fits poorly on your strangely shaped body.


Message History

Found 7 gold pieces.
You now have 48 gold pieces (gained 7).
Found a hand axe.
Found 15 gold pieces and a hand axe.
A gnoll comes into view. It is wielding a +0 club.
The gnoll shouts!
You hear a shout!
A gnoll comes into view. It is wielding a +0 spear.
A gnoll comes into view. It is wielding a +0 club.
Found a hand axe.
The gnoll shouts!
The gnoll hits you but does no damage.
You hit the gnoll but do no damage.
The gnoll flickers and vanishes!
Deactivating autopickup; reactivate with Ctrl-A.
Something hits you.
You hit something. Your headbutt misses something. Something hits you.
The gnoll closely misses you.
You closely miss something. You headbutt something. Something hits you.
The gnoll hits you but does no damage.
You barely miss something. You headbutt something. Something hits you.
You barely miss something. Your headbutt misses something. Something hits you.
The gnoll hits you from afar with a +0 spear.
* * * LOW HITPOINT WARNING * * *
You hit something. Lightning courses through something!
Lugonu accepts your kill.
Reactivating autopickup.
You feel a bit more experienced.
The gnoll hits you from afar with a +0 spear.
* * * LOW HITPOINT WARNING * * *
The gnoll hits you with a +0 spear.
* * * LOW HITPOINT WARNING * * *
Things that are here:
a +0 club; a gnoll corpse You hit the gnoll.
The gnoll is moderately wounded.
The gnoll hits you with a +0 spear.
* * * LOW HITPOINT WARNING * * *
You barely miss the gnoll.
The gnoll is moderately wounded.
The gnoll hits you with a +0 spear.
You die...

.....###..#.###########
.........##.....#.....##
....#########..........##
...## ♣ ##..........#
...# .. ##.........# ...#
#..♣ ###.......# ..##
#..).♣♣ ##......# ..#
#.♣....♣♣#......# ..#
+..$..gg@.......# ###
#..♣..)♣♣#.....## ####
#....♣♣ #....## ...# #..♣
###### ...# .) #######
...## ♣ ##...[.#
....#########......#
...................#
...................#


You could see 2 gnolls.

Vanquished Creatures
  A gnoll (D:2)
  An adder (D:2)
  4 dart slugs
  A ball python (D:1)
  An endoplasm (D:2)
  2 goblins (D:1)
  2 hobgoblins (D:1)
  3 jackals (D:1)
  3 kobolds (D:1)
  2 bats
  A frilled lizard (D:2)
  4 rats
25 creatures vanquished.

Notes
Turn   | Place    | Note
-------+----------+-------------------------------------------
     0 | D:1      | GigaChad the Minotaur Chaos Knight began the quest for the
                  | Orb.
     0 | D:1      | Reached XP level 1. HP: 19/19 MP: 0/0
   166 | D:1      | Reached XP level 2. HP: 17/27 MP: 1/1
   211 | D:1      | Found a faded altar of an unknown god.
   225 | D:1      | Prayed at the altar of an unknown god.
   225 | D:1      | Fell from the grace of Xom
   225 | D:1      | Became a worshipper of Lugonu the Unformed
   225 | D:1      | Reached * piety under Lugonu
   225 | D:1      | Reached ** piety under Lugonu
   616 | D:2      | XOM: god gift: 19 stones
   748 | D:2      | XOM: give mutation
   748 | D:2      | Gained mutation: Armour fits poorly on your strangely
                  | shaped body. [Xom's mischief]
   754 | D:2      | Reached XP level 3. HP: 26/33 MP: 2/2
   984 | D:2      | HP: 1/34 [gnoll/+0 spear (2)]
   985 | D:2      | Slain by a gnoll

Illustrated notes

Levels and vault maps discovered:
D:1:      sevenhm_arrival_forest_fort_small_3, layout_basic,
          chequers_ecumenical_altar_simple, minmay_pentomino_o2
D:2:      layout_rooms, pf_guarded_unrand_woodcutter

Skill      XL: |  1  2 |
---------------+-------+-----
Fighting       | 4 |  4.3
Long Blades    | 4 |  4.6
Armour         | |  2.8
Dodging        | |  1.6

Action                   || total
-------------------------++-------
Melee: Falchion          ||    50
       Headbutt          ||     6
  Use: Scroll            ||     1
Armor: Leather armour    ||    60
Dodge: Dodged            ||    71
